AoeStats
← vgutierrez

Arena

509187588Analyzed
4v4 RM · 7d ago on Sep 25, 2026· 58m 22s· 8 players
Game mode
Random Map
Map size
Large (8 player)
Population
200
Speed
Normal
Resources
Standard
Victory
Conquest
Starting age
Dark Age
Ending age
Imperial Age
RankedLock teamsTeams togetherTeam positionsShared explorationLock speedFull tech treeHidden civsTurbo modeCheats
Victory
Defeat
🇩🇪 Mongols · Germany
815
+17
🇫🇷 Aztecs · France
807
+17
🇺🇸 Turks · United States
798
+17
🇫🇷 Khmer · France
768
+19
🇺🇸 Goths · United States
864
-19
🇨🇱 Shu · Chile
831
-18
🇨🇱 Cumans · Chile
810
-17
🇺🇾 Byzantines · Uruguay
804
-32
Lost My Scout
0:39 Loom
14:43 Feudal Age
14:59 Man-at-Arms
15:25 Horse Collar
15:34 Double-Bit Axe
17:05 Gold Mining
17:18 Stone Mining
23:46 Castle Age
21:58 Fletching
22:23 Scale Mail Armor
23:17 Forging
24:42 Squires
24:03 Pikeman
24:04 Long Swordsman
25:29 Stone Shaft Mining
25:25 Heavy Plow
25:54 Town Watch
28:31 Wheelbarrow
30:17 Hand Cart
30:03 Town Patrol
34:54 Imperial Age
32:37 Treadmill Crane
33:18 Ballistics
32:55 Murder Holes
33:33 Bodkin Arrow
34:13 Iron Casting
35:16 Masonry
35:22 Anarchy
35:42 Chain Mail Armor
36:24 Crop Rotation
37:01 Chemistry
36:24 Conscription
35:43 Halberdier
39:08 Perfusion
40:33 Elite Huskarl
42:14 Architecture
43:29 Blast Furnace
56:37 Bow Saw
Shalashaska
1:03 Loom
10:01 Feudal Age
12:33 Double-Bit Axe
16:52 Horse Collar
28:31 Castle Age
31:35 Capped Ram
33:38 Bow Saw
60:29 Imperial Age
vgutierrez
11:24 Feudal Age
11:50 Horse Collar
12:20 Double-Bit Axe
14:11 Gold Mining
20:24 Castle Age
18:35 Man-at-Arms
20:09 Forging
21:37 Bow Saw
21:29 Heavy Plow
23:28 Stone Mining
29:28 Wheelbarrow
34:23 Imperial Age
32:11 Hand Cart
31:26 Pikeman
34:42 Cavalier
36:34 Gold Shaft Mining
36:58 Scale Barding Armor
39:02 Paladin
41:31 Iron Casting
49:39 Halberdier
セバスティアン
5:26 Loom
11:20 Feudal Age
14:50 Fletching
19:01 Castle Age
17:54 Double-Bit Axe
18:40 Padded Archer Armor
20:03 Wheelbarrow
MousePuddles
12:41 Feudal Age
13:18 Double-Bit Axe
13:15 Horse Collar
13:27 Gold Mining
19:12 Castle Age
19:56 Caravan
26:48 Imperial Age
26:13 Wheelbarrow
25:24 Town Watch
26:34 Bloodlines
29:22 Bow Saw
29:28 Heavy Camel Rider
30:09 Husbandry
43:20 Forging
43:16 Scale Barding Armor
57:06 Chain Barding Armor
57:23 Iron Casting
56:49 Padded Archer Armor
mick
1:45 Loom
11:54 Feudal Age
13:25 Wheelbarrow
12:45 Double-Bit Axe
12:44 Horse Collar
16:11 Gold Mining
16:12 Stone Mining
19:13 Castle Age
21:47 Hand Cart
21:50 Bow Saw
21:48 Heavy Plow
25:40 Forging
25:31 Scale Mail Armor
34:30 Imperial Age
33:11 Iron Casting
33:40 Scale Barding Armor
33:51 Chain Mail Armor
36:40 Chain Barding Armor
38:32 Padded Archer Armor
38:23 Fletching
39:40 Stone Shaft Mining
39:52 Gold Shaft Mining
41:06 Leather Archer Armor
44:47 Ring Archer Armor
44:46 Bodkin Arrow
46:04 Heavy Scorpion
48:26 Blast Furnace
49:09 Plate Barding Armor
49:39 Conscription
50:01 Bracer
50:13 Elite Ballista Elephant
50:54 Tusk Swords
52:01 Ballistics
51:32 Heated Shot
52:43 Chemistry
55:15 Crop Rotation
57:02 Fortified Wall
56:48 Murder Holes
57:04 Masonry
56:45 Guard Tower
Silradi
0:35 Loom
11:15 Feudal Age
11:53 Horse Collar
12:04 Double-Bit Axe
19:35 Castle Age
18:15 Man-at-Arms
20:24 Forging
20:15 Scale Mail Armor
20:50 Heavy Plow
22:20 Bow Saw
23:39 Gold Mining
23:41 Stone Mining
26:30 Gold Shaft Mining
26:44 Stone Shaft Mining
28:35 Pikeman
32:27 Imperial Age
34:38 Crop Rotation
34:57 Squires
34:44 Gambesons
34:22 Elite Skirmisher
36:02 Chain Mail Armor
35:48 Padded Archer Armor
35:38 Fletching
36:52 Conscription
38:27 Garland Wars
38:08 Atlatl
39:46 Elite Jaguar Warrior
42:43 Caravan
44:17 Plate Mail Armor
44:22 Iron Casting
43:43 Bodkin Arrow
44:04 Leather Archer Armor
45:06 Capped Ram
48:39 Chemistry
47:08 Siege Ram
52:42 Wheelbarrow
54:20 Fervor
54:26 Block Printing
54:36 Illumination
54:22 Redemption
54:13 Devotion
54:48 Theocracy
54:09 Herbal Medicine
54:14 Atonement
54:35 Sanctity
54:35 Heresy
59:06 Faith
SHiRoNix
11:41 Feudal Age
16:33 Castle Age
15:08 Double-Bit Axe
15:05 Horse Collar
16:51 Wheelbarrow
22:52 Wheelbarrow
22:29 Bow Saw
28:03 Hand Cart
28:10 Heavy Plow
28:28 Gold Mining
28:33 Stone Mining
30:31 Gold Shaft Mining
30:56 Loom
32:08 Town Watch
32:23 Fletching
32:34 Padded Archer Armor
33:44 Bodkin Arrow
34:05 Leather Archer Armor
34:04 Forging
34:00 Scale Barding Armor
34:57 Stone Shaft Mining
35:12 Town Patrol
38:26 Imperial Age
36:47 Iron Casting
36:13 Scale Mail Armor
36:41 Caravan
38:24 Ballistics
38:16 Masonry
39:36 Drill
39:37 Conscription
40:18 Bracer
41:19 Blast Furnace
40:35 Chain Mail Armor
40:41 Chain Barding Armor
40:39 Siege Engineers
40:30 Murder Holes
40:46 Fortified Wall
41:42 Chemistry
40:08 Capped Ram
41:22 Siege Ram
42:14 Onager
43:15 Elite Mangudai
46:12 Plate Mail Armor
49:26 Siege Onager
52:22 Man-at-Arms
54:44 Thumb Ring
55:09 Parthian Tactics
56:21 Guard Tower
Connection lost

Rejoining the realm…

Still unreachable

The connection could not be restored.

Session expired

The server has moved on; the page needs a fresh start.